 Dungeon Crawl Stone Soup version 0.26.1-2-gb8aa6d0cf2 (webtiles) character file.

Game seed: 7118518181096722077

845 Gadfly the Unbeliever (level 7, -6/52 HPs)
             Began as a Demonspawn Monk on Feb 9, 2021.
             Mangled by an ogre
             ... wielding a +0 giant club
              (13 damage)
             ... on level 5 of the Dungeon.
             The game lasted 00:07:34 (4854 turns).

Gadfly the Unbeliever (Demonspawn Monk)             Turns: 4854, Time: 00:07:35

Health: -6/52      AC: 13    Str: 13    XL:     7   Next: 68%
Magic:  0/11       EV:  7    Int: 12    God:
Gold:   279        SH:  0    Dex: 15    Spells: 6/6 levels left

rFire    + . .     SeeInvis .   a - +2 hand axe (elec)
rCold    + . .     Faith    .   (no shield)
rNeg     . . .     Spirit   +   k - +0 plate armour
rPois    .         Reflect  .   (no helmet)
rElec    .         Harm     .   (no cloak)
rCorr    .         Rampage  .   (no gloves)
Will     +....                  i - +1 pair of boots
Stlth    ..........             c - amulet of guardian spirit
HPRegen  0.17/turn              u - ring of willpower
MPRegen  0.12/turn              l - ring of protection from cold

@: no status effects
A: claws 2, fire resistance 1, sturdy frame 2
a: no special abilities


You were on level 5 of the Dungeon.
You visited 1 branch of the dungeon, and saw 5 of its levels.

You collected 279 gold pieces.

Inventory:

Hand Weapons
 a - a +2 hand axe of electrocution (weapon)
 b - a +2 vampiric hand axe
 j - a +2 dagger of venom
 m - a +2 flail of protection
Armour
 i - a +1 pair of boots (worn)
 k - a +0 plate armour (worn)
Jewellery
 c - an amulet of guardian spirit (around neck)
 f - an uncursed ring of resist corrosion
 l - a ring of protection from cold (right claw)
 r - an uncursed ring of flight
 u - a ring of willpower (left claw)
Wands
 t - a wand of paralysis (12)
Scrolls
 e - 4 scrolls of remove curse
 g - a scroll of magic mapping
Potions
 d - a potion of cancellation
 h - a potion of haste {unknown}
 n - a potion of resistance
 o - a potion of invisibility {unknown}
 p - a potion of heal wounds
 q - a potion of curing {unknown}
 s - a potion of might
 v - a potion of flight {unknown}


   Skills:
 - Level 3.0 Fighting
 + Level 3.9 Axes
 * Level 4.0 Armour
 - Level 2.6 Dodging
 - Level 1.7 Stealth
 * Level 5.8 Invocations
 * Level 4.5 Evocations


You had 6 spell levels left.
You didn't know any spells.
Your spell library was empty.

Dungeon Overview and Level Annotations

Branches:
Dungeon (5/15)
 Temple: D:4-7

Altars:
Elyvilon
Gozag
Kikubaaqudgha
Okawaru
Xom

Annotations:
D:3 Dillybarz's ghost, amateur PaFi; Hehehe's ghost, amateur GrFi; ew1980's ghost, amateur OpWz
D:5 Edmund


Innate Abilities, Weirdness & Mutations

You have very sharp fingernails.
Your flesh is heat resistant. (rF+)
Your movements are less encumbered by armour. (ER -4)


Message History

You are too injured to fight recklessly!
You are too injured to fight recklessly!
You are too injured to fight recklessly!
You are too injured to fight recklessly!
You are too injured to fight recklessly!
You are too injured to fight recklessly!
You are too injured to fight recklessly!
You are too injured to fight recklessly!
You are too injured to fight recklessly!
You are too injured to fight recklessly!
You are too injured to fight recklessly!
Unknown command.
You barely miss the ogre.
The ogre is heavily wounded.
The ogre hits you with a +0 giant club!!
* * * LOW HITPOINT WARNING * * *
You hit the ogre.
The ogre is severely wounded.
The ogre hits you with a +0 giant club!
You die...

...
...
...
#)#
#@#
#l#
#O#
#@#
#.#
#.#
#.#
#.#
#.#
..#
###.##
..#
#....#
..#
#....#
..


You could see Edmund, an ogre and a leopard gecko.

Vanquished Creatures
  A sky beast (D:4)
  2 ogres (D:5)
  A centaur (D:5)
  A hound (D:4)
  2 orc priests (D:4)
  4 orc wizards
  A worker ant (D:4)
  2 gnolls (D:5)
  10 adders
  A white imp (D:5)
  3 oozes
  2 worms (D:3)
  5 dart slugs
  2 leopard geckos
  16 orcs
  A ball python (D:2)
  6 giant cockroaches
  14 hobgoblins
  7 jackals
  8 kobolds
  4 quokkas
  9 bats
  4 frilled lizards
  8 goblins
  9 rats
123 creatures vanquished.

Vanquished Creatures (others)
  4 plants (D:5)
4 creatures vanquished.

Grand Total: 127 creatures vanquished

Notes
Turn   | Place    | Note
-------+----------+-------------------------------------------
     0 | D:1      | Gadfly the Demonspawn Monk began the quest for the Orb.
     0 | D:1      | Reached XP level 1. HP: 18/18 MP: 1/1
   303 | D:1      | Reached skill level 1 in Invocations
   342 | D:1      | Gained mutation: Your flesh is heat resistant. (rF+)
                  | [demonic ancestry]
   342 | D:1      | Reached XP level 2. HP: 15/24 MP: 2/2
   686 | D:1      | Reached skill level 1 in Evocations
   946 | D:2      | Reached skill level 1 in Armour
   956 | D:2      | Gained mutation: You have sharp fingernails. [demonic
                  | ancestry]
   956 | D:2      | Reached XP level 3. HP: 7/29 MP: 4/4
  1237 | D:2      | Found an iron altar of Okawaru.
  1258 | D:2      | Reached skill level 2 in Invocations
  1786 | D:2      | Gained mutation: You have very sharp fingernails. [demonic
                  | ancestry]
  1786 | D:2      | Reached XP level 4. HP: 35/35 MP: 5/5
  2014 | D:2      | Found a shimmering altar of Xom.
  2311 | D:3      | Reached skill level 3 in Invocations
  2368 | D:3      | Found an opulent altar of Gozag.
  2382 | D:3      | Found an ancient bone altar of Kikubaaqudgha.
  2429 | D:3      | Found a runed translucent gate.
  2429 | D:3      | Found a runed translucent gate.
  2429 | D:3      | Found a runed translucent gate.
  2436 | D:3      | Gained mutation: Your movements are slightly less
                  | encumbered by armour. (ER -2) [demonic ancestry]
  2436 | D:3      | Reached XP level 5. HP: 19/41 MP: 2/7
  2906 | D:3      | Noticed Dillybarz's ghost (amateur PaFi)
  2906 | D:3      | Noticed ew1980's ghost (amateur OpWz)
  2906 | D:3      | Noticed Hehehe's ghost (amateur GrFi)
  3226 | D:4      | Noticed a sky beast
  3244 | D:4      | Killed a sky beast
  3245 | D:4      | Gained mutation: Your movements are less encumbered by
                  | armour. (ER -4) [demonic ancestry]
  3245 | D:4      | Reached XP level 6. HP: 47/47 MP: 8/8
  3252 | D:4      | Found a white marble altar of Elyvilon.
  3302 | D:4      | Reached skill level 4 in Invocations
  4076 | D:5      | Entered Level 5 of the Dungeon
  4147 | D:5      | Reached XP level 7. HP: 51/52 MP: 10/10
  4171 | D:5      | Reached skill level 5 in Invocations
  4841 | D:5      | Noticed Edmund
  4854 | D:5      | Mangled by an ogre

Illustrated notes

Levels and vault maps discovered:
D:1:      minmay_arrival_three_doors, layout_basic, minmay_misc_feat_doors
D:2:      layout_basic, kennysheep_okawaru_gauntlet, tgw_xom,
          minmay_misc_feat_ornament
D:3:      layout_rooms, chequers_temple_overflow_statue_of_worship,
          gammafunk_ghost_cemetery
D:4:      layout_basic, marbit_many_paths
D:5:      corexii_shantytown, layout_basic, uniq_edmund

Skill      XL: |  1  2  3  4  5  6  7 |
---------------+----------------------+-----
Invocations    | 1 2 3 4 5 |  5.8
Evocations     | 1 2 3 4 |  4.5
Armour         | 1 2 3 4 |  4.0
Axes           | 3 |  3.9
Fighting       | |  3.0
Dodging        | |  2.6
Stealth        | |  1.7

Action                   |  1- 3 |  4- 6 |  7- 9 || total
-------------------------+-------+-------+-------++-------
Melee: Hand axe          |    60 |    99 |    85 ||   244
       Dagger            |    45 |    83 |       ||   128
  Use: Scroll            |     3 |     5 |       ||     8
       Potion            |     3 |     1 |       ||     4
 Stab: Sleeping          |     2 |       |       ||     2
Armor: Robe              |    10 |       |       ||    10
       Leather armour    |     7 |    11 |       ||    18
       Ring mail         |       |    17 |       ||    17
       Plate armour      |       |    72 |    50 ||   122
Dodge: Dodged            |    67 |    81 |    26 ||   174
